 Dungeon Crawl Stone Soup version 0.10.4 character file.

65 MisterOstroum the Vexing (level 2, -1/19 HPs)
             Began as a Human Enchanter on Sept 29, 2019.
             Slain by a hobgoblin
             ... wielding a -1,+1 orcish club
              (7 damage)
             ... on Level 1 of the Dungeon.
             The game lasted 00:00:51 (278 turns).

MisterOstroum the Vexing (Human Enchanter)           Turns: 278, Time: 00:00:51

HP  -1/19        AC  3     Str  8      XL: 2   Next:  0%
MP   3/4         EV 12     Int 15      God:
Gold 59          SH  0     Dex 13      Spells:  1 memorised,  2 levels left

Res.Fire  : . . .   See Invis. : .   a - +1 dagger {=f}
Res.Cold  : . . .   Warding    : . . b - +1 robe
Life Prot.: . . .   Conserve   : .   (no shield)
Res.Acid. : . . .   Res.Corr.  : .   (no helmet)
Res.Poison: .       Clarity    : .   (no cloak)
Res.Elec. : .       Spirit.Shd : .   (no gloves)
Sust.Abil.: . .     Stasis     : .   (no boots)
Res.Mut.  : .       Ctrl.Telep.: .   (no amulet)
Res.Rott. : .       Levitation : .   (no ring)
Saprovore : . . .   Ctrl.Flight: .   (no ring)

@: not resistant to hostile enchantments, fairly stealthy
A: no striking features
a: no special abilities


You were on level 1 of the Dungeon.
You were not hungry.

You visited 1 branch of the dungeon, and saw 1 of its levels.

You collected 39 gold pieces.

Inventory:

Hand weapons
 a - a +1,+1 dagger (weapon) {=f}
Missiles
 d - 4 +1 darts (quivered)
Armour
 b - a +1 robe (worn)
Comestibles
 f - a bread ration
Scrolls
 e - a scroll of amnesia {unknown}
Potions
 g - a potion of heal wounds {unknown}
 h - a potion of curing {unknown}
Books
 c - a book of Maledictions

   Spells                             Type                      Level
   *Corona                            Hexes                        1
   Sure Blade                         Hexes/Charms                 2
   Ensorcelled Hibernation            Hexes/Ice                    2
   Confuse                            Hexes                        3
   Enslavement                        Hexes                        4
   Invisibility                       Hexes                        6


   Skills:
 + Level 1.1 Short Blades
 + Level 1.2 Throwing
 + Level 2.0 Dodging
 + Level 2.0 Stealth
 + Level 1.1 Stabbing
 + Level 1.1 Spellcasting
 + Level 3.1 Hexes


You had 2 spell levels left.
You knew the following spells:

 Your Spells              Type           Power        Failure   Level  Hunger
a - Corona                Hex            ###.....     10%         1    Strawberry

Dungeon Overview and Level Annotations

Branches:
Dungeon (1/27)

Altars:


Message History

Unknown command.
There is a stone staircase leading down here.
g - a purple potion
Found a stone staircase leading down.
h - a glowing purple potion
Found an escape hatch in the ceiling.
There is an escape hatch in the ceiling here.
You now have 40 gold pieces (gained 7).
You now have 54 gold pieces (gained 14).
You now have 59 gold pieces (gained 5).
A goblin comes into view. It is wielding a dagger.
A goblin is nearby!
A goblin is nearby!
A goblin is nearby!
Throwing (i - inventory):
d - 12 +1 darts (quivered)
Press: ? - help, Shift-Dir - straight line, f - goblin
Aim: a goblin, wielding a dagger (resting)
You throw a +1 dart. The +1 dart hits the goblin.
You kill the goblin!
Throwing (i - inventory):
d - 11 +1 darts (quivered)
Press: ? - help, Shift-Dir - straight line, f - you
Okay, then.
A hobgoblin and a bat come into view.
The hobgoblin shouts!
The hobgoblin drinks a potion.
The hobgoblin flickers and vanishes!
Deactivating autopickup; reactivate with Ctrl-A.
The bat barely misses you.
Found a scroll labeled ZUG LECEWEYNOS and an animal skin.
A bat is nearby!
A bat is nearby!
Throwing (i - inventory):
d - 11 +1 darts (quivered)
Press: ? - help, Shift-Dir - straight line, f - bat
Aim: a bat You throw a +1 dart.
The +1 dart hits the bat.
You kill the bat!
Throwing (i - inventory):
d - 10 +1 darts (quivered)
Press: ? - help, Shift-Dir - straight line, f - you
Okay, then.
A goblin comes into view.
The goblin shouts!
A goblin comes into view. It is wielding an orcish club.
There are monsters nearby!
Throwing (i - inventory):
d - 10 +1 darts (quivered)
Press: ? - help, Shift-Dir - straight line, f - goblin
Aim: a goblin You throw a +1 dart.
The +1 dart misses the goblin.
Throwing (i - inventory):
d - 9 +1 darts (quivered)
Press: ? - help, Shift-Dir - straight line, f/p - goblin
Aim: a goblin You throw a +1 dart.
The +1 dart hits the goblin.
The goblin is moderately wounded.
Throwing (i - inventory):
d - 8 +1 darts (quivered)
Press: ? - help, Shift-Dir - straight line, f/p - goblin
Aim: a goblin (moderately wounded)
You throw a +1 dart. The +1 dart hits the goblin.
The goblin is almost dead.
It hits you.
Throwing (i - inventory):
d - 7 +1 darts (quivered)
Press: ? - help, Shift-Dir - straight line, f/p - goblin
Aim: a goblin (almost dead)
You throw a +1 dart. The +1 dart hits the goblin.
You kill the goblin!
You have reached level 2!
Throwing (i - inventory):
d - 6 +1 darts (quivered)
Press: ? - help, Shift-Dir - straight line, f - goblin
Aim: a goblin, wielding an orcish club You throw a +1 dart.
The +1 dart misses the goblin.
It hits you.
Throwing (i - inventory):
d - 5 +1 darts (quivered)
Press: ? - help, Shift-Dir - straight line, f/p - goblin
Aim: a goblin, wielding an orcish club You throw a +1 dart.
The +1 dart hits the goblin.
The goblin is heavily wounded.
It hits you.
You closely miss it. It hits you.
* * * LOW HITPOINT WARNING * * *
You closely miss it. It hits you but does no damage.
The goblin completely misses you. The goblin barely misses you.
Casting: Corona
Confirm with . or Enter, or press ? or * to list all spells.
Aiming: Corona
Press: ? - help, Shift-Dir - straight line, f/p - goblin
Aim: a goblin, wielding an orcish club (heavily wounded)
The hobgoblin is lined in light.
The hobgoblin misses you.
The hobgoblin stops glowing and disappears.
Unknown command.
Unknown command.
Casting: Corona
Confirm with . or Enter, or press ? or * to list all spells.
Aiming: Corona
Press: ? - help, Shift-Dir - straight line, f/p - goblin
Aim: a goblin, wielding an orcish club (heavily wounded)
The hobgoblin is lined in light.
The hobgoblin barely misses you.
You hit the hobgoblin but do no damage. You hit the hobgoblin but do no damage.
The hobgoblin completely misses you.
The hobgoblin stops glowing and disappears.
A hobgoblin appears from thin air!
Reactivating autopickup.
The hobgoblin hits you with an orcish club!
You die...

..# #.. ####.# #..
#....# #.. ###+ #....#
### #.. #....########
###'#+### #............
#<<<#...####)...########
###'#'#.g..g............
#..##@###############
###+#.# #...# #####.#
#....%# #.##### #.# #.#
#.#


You could see a hobgoblin and a goblin.

Vanquished Creatures
  2 bats (D:1)
  A giant newt (D:1)
  4 goblins (D:1)
  A rat (D:1)
8 creatures vanquished.

Notes
Turn   | Place    | Note
--------------------------------------------------------------
     0 | D:1      | MisterOstroum, the Human Enchanter, began the quest for the Orb.
     0 | D:1      | Reached XP level 1. HP: 13/13 MP: 3/3
   247 | D:1      | Reached XP level 2. HP: 14/19 MP: 4/4
   278 | D:1      | Slain by a hobgoblin
